[Event "Titled Tuesday Blitz December 20 Late 2022"]
[White "Rustemov, Alexander"]
[Black "Chigaev, Maksim"]
[WhiteFideId "4119002"]
[BlackFideId "4108116"]
[WhiteElo "2889"]
[BlackElo "2542"]
[Result "1/2-1/2"]
[Round "07"]
[TimeControl "180+1"]
[Date "2022.12.20"]
[WhiteClock "0:00:17"]
[BlackClock "0:00:09"]

1. d4 Nf6 2. c4 e6 3. Nf3 Bb4+ 4. Bd2 a5 5. g3 d5 6. Qc2 dxc4 7. Qxc4 b6 8. Bg2 Ba6 9. Qc2 c5 10. Bxb4 cxb4 11. O-O O-O 12. Rc1 Nbd7 13. e3 Rc8 14. Qd1 Rxc1 15. Qxc1 Qb8 16. Nbd2 Rc8 17. Qd1 Qc7 18. Nb3 Qc2 19. Qxc2 Rxc2 20. Rb1 a4 21. Na1 Rc7 22. Bf1 Bxf1 23. Kxf1 Ne4 24. Ke2 f5 25. Ne1 Ndf6 26. f3 Nd6 27. Nd3 Nd5 28. Rc1 Rxc1 29. Nxc1 Nc4 30. e4 fxe4 31. fxe4 Nf6 32. b3 axb3 33. axb3 Na5 34. Kf3 Nc6 35. Nc2 Kf7 36. Nd3 Na5 37. Na1 Nc6 38. Nc2 Na5 39. Nc1 Nc6 40. h3 g5 41. Ke3 Nh5 42. Kf3 Nf6 43. Nd3 Na5 44. Nc1 Nc6 1/2-1/2


[Site "https://www.chess.com"]

[Event "Titled Tuesday Blitz December 20 Late 2022"]
[White "Sanchez Alvares, Kelvin Antonio"]
[Black "Melikhov, Evgeny V."]
[WhiteFideId "3906680"]
[BlackFideId "4122046"]
[WhiteElo "2217"]
[BlackElo "2169"]
[Result "0-1"]
[Round "07"]
[TimeControl "180+1"]
[Date "2022.12.21"]
[WhiteClock "0:00:19"]
[BlackClock "0:00:04"]

1. e4 e5 2. Nf3 Nc6 3. Bb5 a6 4. Ba4 Nf6 5. O-O Nxe4 6. d4 b5 7. Bb3 d5 8. dxe5 Be6 9. Nbd2 Bc5 10. c3 O-O 11. Nxe4 dxe4 12. Ng5 Qxd1 13. Rxd1 Nxe5 14. Nxe4 Bxb3 15. axb3 Bb6 16. Bf4 Rfe8 17. Bxe5 Rxe5 18. Ng3 h5 19. h4 g6 20. Kf1 a5 21. Re1 Rxe1+ 22. Rxe1 a4 23. Ra1 f5 24. Ne2 Kf7 25. Nf4 c6 26. bxa4 Rxa4 27. Rxa4 bxa4 28. Nd3 Ke6 29. Ke2 Bd8 30. g3 Be7 31. Nf4+ Kf6 32. Kd3 a3 33. bxa3 Bxa3 34. Ne2 Ke5 35. f3 Bc5 36. Nf4 Bf2 37. Nxg6+ Kd6 38. Nf4 Bxg3 39. Nxh5 Bxh4 40. f4 Kd5 41. Ng7 Bg3 42. c4+ Kc5 43. Kc3 Be1+ 44. Kd3 Bg3 45. Ne6+ Kd6 46. Nd4 Bxf4 47. Nxf5+ Ke5 48. Nd4 Kd6 49. Nb3 Bh2 50. Kc3 Bg1 51. Kb4 Bf2 52. Kc3 Bg1 53. Kd3 Bf2 54. Nd2 Bg1 55. Kc3 Ke6 56. Ne4 Ke5 57. Kd3 Ke6 58. Ng5+ Kd6 59. Nf7+ Ke7 60. Ne5 Kd6 61. Nf3 Bf2 62. Nd2 Bg1 63. Kc3 Ke6 64. Kb4 Kd6 65. Ne4+ Ke6 66. Nc3 Kd6 67. Ne2 Bf2 68. Kc3 Be3 69. Kd3 Bf2 70. Nf4 Kc5 71. Ng6 Kb4 72. Ne7 Kc5 73. Kc3 Be1+ 74. Kb3 Bf2 75. Nf5 Kb6 76. Kb4 Bg1 77. Ne7 Bc5+ 78. Kc3 Bxe7 79. Kd3 c5 0-1


[Site "https://www.chess.com"]

[Event "Titled Tuesday Blitz December 20 Late 2022"]
[White "Sanchez, Robert"]
[Black "Adel, Sara"]
[WhiteFideId "2034360"]
[BlackFideId "10616764"]
[WhiteElo "2376"]
[BlackElo "1997"]
[Result "1-0"]
[Round "07"]
[TimeControl "180+1"]
[Date "2022.12.21"]
[WhiteClock "0:01:25"]
[BlackClock "0:01:26"]

1. e4 c6 2. d4 d5 3. e5 Bf5 4. Nf3 e6 5. Be2 c5 6. c3 Nc6 7. O-O cxd4 8. Nxd4 Nxd4 9. cxd4 Rc8 10. Bb5+ Ke7 11. Nc3 f6 12. Re1 Kf7 13. Qf3 Bg6 14. Ba4 Bb4 15. Bb3 Ne7 16. Bf4 f5 17. Rec1 h6 18. a3 Ba5 19. Ba2 Bb6 20. Qe3 Bh7 21. h4 Nc6 22. Nb5 Bc7 23. b4 Qxh4 24. Nxc7 Rxc7 25. b5 g5 26. Bg3 Qh5 27. bxc6 f4 28. Bxf4 gxf4 29. Qxf4+ Bf5 30. cxb7 Rxb7 31. Bb1 Rg8 32. Bxf5 exf5 33. e6+ Kxe6 34. Qe5+ Kf7 35. Qxd5+ Kf6 36. Qxg8 Rg7 37. Rc6+ 1-0


[Site "https://www.chess.com"]

[Event "Titled Tuesday Blitz December 20 Late 2022"]
[White "Sarana, Alexey"]
[Black "Bortnyk, Olexandr"]
[WhiteFideId "24133795"]
[BlackFideId "14120828"]
[WhiteElo "2708"]
[BlackElo "2723"]
[Result "0-1"]
[Round "07"]
[TimeControl "180+1"]
[Date "2022.12.20"]
[WhiteClock "0:00:02"]
[BlackClock "0:00:16"]

1. d4 d6 2. e4 Nf6 3. Nc3 Nbd7 4. f4 e5 5. Nf3 exd4 6. Qxd4 c6 7. Be3 d5 8. e5 Bc5 9. Qd2 Bxe3 10. Qxe3 Ng4 11. Qd4 Qb6 12. Qxb6 axb6 13. Bd3 Nc5 14. Ke2 h5 15. a4 O-O 16. b4 Nxd3 17. cxd3 f6 18. d4 Nh6 19. h3 Bd7 20. a5 Nf5 21. Rhb1 fxe5 22. fxe5 Ng3+ 23. Ke3 Bf5 24. Rb2 b5 25. Rc1 Bg6 26. Ne2 Nf5+ 27. Kd2 Ne7 28. Rb3 Be4 29. Rg1 b6 30. axb6 Ra2+ 31. Ke1 Nf5 32. Rc3 Rb8 33. Ng5 Rxb6 34. g4 hxg4 35. hxg4 Nh4 36. Kf2 Rb8 37. Nxe4 dxe4 38. Ke3 Rf8 39. Nf4 g5 0-1


[Site "https://www.chess.com"]

[Event "Titled Tuesday Blitz December 20 Late 2022"]
[White "Sarkar, Justin"]
[Black "Tologon tegin, Semetei"]
[WhiteFideId "2010011"]
[BlackFideId "13800574"]
[WhiteElo "2239"]
[BlackElo "2264"]
[Result "0-1"]
[Round "07"]
[TimeControl "180+1"]
[Date "2022.12.21"]
[WhiteClock "0:00:01"]
[BlackClock "0:00:12"]

1. d4 Nf6 2. c4 e6 3. Nc3 Bb4 4. e3 b6 5. Nf3 Bb7 6. Be2 O-O 7. O-O d6 8. Nb1 d5 9. c5 bxc5 10. a3 Ba5 11. dxc5 c6 12. b4 Bc7 13. Bb2 Nbd7 14. Nbd2 a5 15. Qc2 e5 16. e4 d4 17. Ne1 Ba6 18. Bxa6 Rxa6 19. Nd3 Qb8 20. f3 Qb5 21. Rfb1 axb4 22. axb4 Rfa8 23. Rxa6 Rxa6 24. Ra1 Ne8 25. Qc4 Rxa1+ 26. Bxa1 Qb7 27. Bb2 Bd8 28. f4 exf4 29. Qxd4 Bg5 30. e5 Nf8 31. Ne4 Ne6 32. Qc4 Bh6 33. Nd6 Qa8 34. b5 cxb5 35. Qxb5 N8c7 36. Qd7 Qf8 37. c6 f3 38. gxf3 Be3+ 39. Kf1 Qa8 40. Qxf7+ Kh8 41. Qd7 Qa6 42. Qc8+ Qxc8 43. Nxc8 Kg8 44. Ne7+ Kf7 45. Nf5 Bb6 46. Nd6+ Kf8 47. Ba3 Kg8 48. Nc8 Ba5 49. f4 g6 50. Ne7+ Kf7 0-1


[Site "https://www.chess.com"]

[Event "Titled Tuesday Blitz December 20 Late 2022"]
[White "Saveliev, Alexei"]
[Black "Przybylski, Wojciech"]
[WhiteFideId "24128546"]
[BlackFideId "1117599"]
[WhiteElo "2290"]
[BlackElo "2217"]
[Result "0-1"]
[Round "07"]
[TimeControl "180+1"]
[Date "2022.12.21"]
[WhiteClock "0:00:39"]
[BlackClock "0:01:02"]

1. c4 e5 2. Nc3 Nf6 3. Nf3 Nc6 4. e3 Bb4 5. Qc2 O-O 6. d4 exd4 7. exd4 d5 8. cxd5 Nxd5 9. Be2 Re8 10. O-O h6 11. Bc4 Be6 12. Nxd5 Bxd5 13. Bxd5 Qxd5 14. Be3 Rad8 15. a3 Bd6 16. Rac1 a6 17. b4 Re7 18. Rfd1 Rde8 19. h3 Na7 20. Qb2 Nc8 21. a4 Nb6 22. Ne5 Nxa4 23. Qb1 Nb6 24. Bf4 Re6 25. Nd3 Rg6 26. g3 Qf5 27. Bxd6 cxd6 28. Kg2 Qe4+ 29. Kh2 Qf3 30. Qb2 Re2 31. Rd2 Qxg3+ 0-1


[Site "https://www.chess.com"]

[Event "Titled Tuesday Blitz December 20 Late 2022"]
[White "Sebag, Marie"]
[Black "Indjic, Aleksandar"]
[WhiteFideId "617822"]
[BlackFideId "911925"]
[WhiteElo "2440"]
[BlackElo "2616"]
[Result "0-1"]
[Round "07"]
[TimeControl "180+1"]
[Date "2022.12.20"]
[WhiteClock "0:00:04"]
[BlackClock "0:00:34"]

1. e4 c5 2. Nf3 d6 3. Bb5+ Nd7 4. O-O a6 5. Bd3 e6 6. c3 b5 7. Re1 g5 8. g3 h5 9. Bc2 g4 10. Nh4 Be7 11. Ng2 Ne5 12. Re3 c4 13. d4 cxd3 14. Bxd3 Bg5 15. Nf4 Nf6 16. a4 bxa4 17. Na3 Nfd7 18. Nc4 Nxc4 19. Bxc4 Ne5 20. Be2 Bb7 21. Qxa4+ Kf8 22. Qd4 Rh6 23. Nd3 Qc7 24. Nxe5 dxe5 25. Qb4+ Kg7 26. Rd3 a5 27. Qa4 Bxc1 28. Rxc1 Qb6 29. b3 Bc6 30. Rd6 Rf6 31. Rf1 Rc8 32. Qc4 Rc7 33. Qa6 Qxa6 34. Bxa6 Bxe4 35. c4 Bc2 36. Rb6 e4 37. Rb7 Rc5 38. Re1 Rf3 39. Rb5 Rxb5 40. Bxb5 Bxb3 41. c5 Rc3 42. c6 Bd5 43. Ra1 f5 44. Rxa5 Rc1+ 45. Kg2 e3+ 0-1


[Site "https://www.chess.com"]

[Event "Titled Tuesday Blitz December 20 Late 2022"]
[White "Shimanov, Aleksandr"]
[Black "Holt, Conrad"]
[WhiteFideId "4198603"]
[BlackFideId "2034387"]
[WhiteElo "2605"]
[BlackElo "2592"]
[Result "1-0"]
[Round "07"]
[TimeControl "180+1"]
[Date "2022.12.20"]
[WhiteClock "0:00:36"]
[BlackClock "0:00:15"]

1. e4 e6 2. d4 d5 3. Nc3 Nf6 4. Bg5 dxe4 5. Nxe4 Be7 6. Nxf6+ Bxf6 7. Bxf6 Qxf6 8. Nf3 c5 9. Bb5+ Bd7 10. Qe2 cxd4 11. O-O-O O-O 12. Bxd7 Nxd7 13. Rxd4 Nb6 14. Rhd1 Rac8 15. Ne5 Qh6+ 16. f4 Qxh2 17. Qf3 Nd5 18. Kb1 b5 19. c3 a5 20. a3 Rc7 21. g4 f6 22. Rh1 fxe5 23. Rxh2 exd4 24. Qe4 dxc3 25. Qxe6+ Kh8 26. Qxd5 b4 27. axb4 axb4 28. Qe4 g6 29. Qxb4 Rfc8 30. Rc2 Rc4 31. Qb7 Rf8 32. Rxc3 Rcxf4 33. Rc7 Rf1+ 34. Ka2 1-0


[Site "https://www.chess.com"]

[Event "Titled Tuesday Blitz December 20 Late 2022"]
[White "Shoker, Samy"]
[Black "Yedidia, Daniel"]
[WhiteFideId "627143"]
[BlackFideId "30905907"]
[WhiteElo "2733"]
[BlackElo "2585"]
[Result "1-0"]
[Round "07"]
[TimeControl "180+1"]
[Date "2022.12.21"]
[WhiteClock "0:00:20"]
[BlackClock "0:00:01"]

1. c4 Nf6 2. g3 e5 3. Bg2 Nc6 4. Nc3 Bb4 5. Na4 Be7 6. d3 O-O 7. Nf3 d5 8. cxd5 Nxd5 9. O-O Be6 10. b3 Bf6 11. Bb2 Re8 12. Rc1 Ncb4 13. a3 Na6 14. Qc2 Bg4 15. h3 Bd7 16. Nc5 Nxc5 17. Qxc5 c6 18. e4 Nc7 19. Bxe5 Bxe5 20. Nxe5 b6 21. Qd6 c5 22. Nxd7 Re6 23. Qf4 Qxd7 24. d4 Nb5 25. dxc5 Nd4 26. Qe3 Rd8 27. cxb6 Rxb6 28. b4 h6 29. Rc5 Qa4 30. Rfc1 Rbb8 31. Rc7 a5 32. Kh2 axb4 33. axb4 Qxb4 34. R1c4 Qd6 35. e5 Qb6 36. Qf4 Ne6 37. Qxf7+ Kh8 38. R4c6 Rf8 39. Rxb6 1-0


[Site "https://www.chess.com"]

[Event "Titled Tuesday Blitz December 20 Late 2022"]
[White "Skibbe, Willi"]
[Black "Floresvillar Gonzalez, Luis Migu"]
[WhiteFideId "4682190"]
[BlackFideId "5100542"]
[WhiteElo "2339"]
[BlackElo "2040"]
[Result "0-1"]
[Round "07"]
[TimeControl "180+1"]
[Date "2022.12.21"]
[WhiteClock "0:01:19"]
[BlackClock "0:01:02"]

1. c4 e6 2. g3 d5 3. Bg2 c6 4. Nf3 Nf6 5. d4 Bb4+ 6. Bd2 Bxd2+ 7. Nbxd2 O-O 8. O-O Re8 9. Qc2 Nbd7 10. e4 Nxe4 11. Nxe4 dxe4 12. Qxe4 Qf6 13. Ne5 Qf5 14. Qxf5 exf5 15. Nxd7 Bxd7 16. Rfe1 f4 17. gxf4 f6 18. Re3 Kf7 19. Rae1 a5 20. Rxe8 Rxe8 21. Rxe8 Kxe8 22. b3 b6 23. Kf1 Ke7 24. Ke2 Kd6 25. Be4 h6 26. Kd3 Bh3 27. Kc3 Bf1 28. a3 Be2 29. b4 axb4+ 30. axb4 c5 31. dxc5+ bxc5 32. b5 Bf1 33. b6 Be2 34. Bd5 Bd1 35. b7 Kc7 36. Kd3 Ba4 37. Ke4 Bc2+ 38. Kf3 Bf5 39. Be4 Be6 40. h4 Bxc4 41. Kg4 Be6+ 42. Kh5 Bf7+ 43. Kg4 Be6+ 0-1


[Site "https://www.chess.com"]

[Event "Titled Tuesday Blitz December 20 Late 2022"]
[White "Skvortsov, Andrei"]
[Black "Izeta Txabarri, Felix"]
[WhiteFideId "24108600"]
[BlackFideId "2200260"]
[WhiteElo "2285"]
[BlackElo "2461"]
[Result "0-1"]
[Round "07"]
[TimeControl "180+1"]
[Date "2022.12.21"]
[WhiteClock "0:00:43"]
[BlackClock "0:00:06"]

1. d4 Nf6 2. c4 e6 3. Nc3 Bb4 4. a3 Bxc3+ 5. bxc3 Ne4 6. Qd3 f5 7. g3 b6 8. f3 Nd6 9. e4 Ba6 10. e5 Nxc4 11. Qc2 Nc6 12. Nh3 O-O 13. Nf4 Qc8 14. h4 N4a5 15. Nd3 Bc4 16. Rb1 d6 17. exd6 cxd6 18. Kf2 e5 19. dxe5 dxe5 20. Be3 e4 21. Nf4 exf3 22. Bxc4+ Nxc4 23. Rhe1 N6e5 24. Bd4 Ng4+ 25. Kf1 Qc6 26. Re6 Qxe6 27. Nxe6 Nge3+ 28. Bxe3 Nxe3+ 29. Kf2 Nxc2 30. Nxf8 Kxf8 31. a4 Na3 32. Rd1 Re8 33. Rd5 g6 34. h5 Nc4 35. Kxf3 Kf7 36. Rd4 Ne5+ 37. Kf2 Kf6 38. hxg6 hxg6 39. Rd5 Re7 40. a5 Rd7 41. Rb5 bxa5 42. Rxa5 Rc7 43. Kg2 Rxc3 44. Rxa7 Rc2+ 45. Kf1 Kg5 46. Ra5 Nf3 47. Ra4 Rd2 48. Rf4 Nd4 49. Ke1 Rd3 50. Kf1 Ne6 51. Ra4 Rxg3 52. Kf2 f4 53. Ra6 Kg4 54. Ra5 Nd4 55. Ra6 g5 56. Ra8 Rf3+ 57. Kg2 Re3 58. Rd8 Re2+ 59. Kf1 f3 60. Rxd4+ Kg3 61. Ra4 g4 62. Ra1 Rh2 63. Kg1 f2+ 64. Kf1 Rh1+ 0-1


[Site "https://www.chess.com"]

[Event "Titled Tuesday Blitz December 20 Late 2022"]
[White "Smith, Garrett L"]
[Black "Bryant, Todd"]
[WhiteFideId "2024829"]
[BlackFideId "2031299"]
[WhiteElo "2219"]
[BlackElo "2341"]
[Result "1/2-1/2"]
[Round "07"]
[TimeControl "180+1"]
[Date "2022.12.21"]
[WhiteClock "0:00:21"]
[BlackClock "0:00:09"]

1. e4 c5 2. a3 g6 3. b4 Bg7 4. Nc3 cxb4 5. axb4 Nc6 6. Rb1 e6 7. Nf3 d5 8. exd5 exd5 9. b5 Nd4 10. Nxd4 Bxd4 11. Bd3 Ne7 12. Ba3 O-O 13. O-O Re8 14. Re1 Be6 15. Qf3 Bxc3 16. dxc3 Nf5 17. Bxf5 Bxf5 18. Rxe8+ Qxe8 19. Qxd5 Bxc2 20. Rc1 Rd8 21. Qf3 Be4 22. Qe2 Bd3 23. Qxe8+ Rxe8 24. b6 axb6 25. h3 b5 26. Rd1 Bc4 27. Rd7 Ra8 28. Bc5 Rc8 29. Bd4 Kf8 30. Rxb7 Ke8 31. h4 Bd5 32. Rxb5 Be6 33. Rb7 h5 34. Kh2 Kd8 35. Kg3 Ke8 36. f3 Rc4 37. Kf4 Rc8 38. Kg5 Ra8 39. Kf6 Ra5 40. Be5 Rd5 41. Re7+ Kd8 42. Ra7 Kc8 43. Ra4 Rd2 44. g3 Rf2 45. Rf4 Rc2 46. Ke7 Kb7 47. g4 hxg4 48. fxg4 Rh2 49. Bf6 Re2 50. Rb4+ Kc6 51. Kf8 Kd5 52. Kg7 Kc5 53. Rf4 Rg2 54. Kh6 Rxg4 55. Rxg4 Bxg4 56. Kg7 Be6 57. Kh6 Kc4 58. Kg5 Kd5 59. Kh6 Kc4 60. Kg5 Kd5 61. Kh6 Kc4 1/2-1/2


[Site "https://www.chess.com"]

[Event "Titled Tuesday Blitz December 20 Late 2022"]
[White "Souleidis, Georgios"]
[Black "Pakleza, Zbigniew"]
[WhiteFideId "4206827"]
[BlackFideId "1119290"]
[WhiteElo "2401"]
[BlackElo "2410"]
[Result "0-1"]
[Round "07"]
[TimeControl "180+1"]
[Date "2022.12.20"]
[WhiteClock "0:00:02"]
[BlackClock "0:00:02"]

1. e4 d6 2. d4 Nf6 3. Nc3 c6 4. Nf3 Bg4 5. h3 Bh5 6. g4 Bg6 7. Qe2 e6 8. h4 h5 9. g5 Nfd7 10. d5 cxd5 11. exd5 e5 12. Be3 Na6 13. O-O-O Nb4 14. Rd2 Be7 15. a3 Na6 16. Bh3 Nac5 17. Rdd1 O-O 18. Nd2 a6 19. Bxc5 Nxc5 20. Nde4 Nxe4 21. Nxe4 Qb6 22. Ng3 Rfc8 23. Bf5 Bxf5 24. Nxf5 Bf8 25. g6 fxg6 26. Ne3 Qd8 27. Rdg1 Qf6 28. Rg2 Rc7 29. Qd3 Rac8 30. Rhg1 Qxh4 31. Kb1 e4 32. Qd4 Rf7 33. Rxg6 Qxf2 34. Qxe4 Re7 35. Rxg7+ Bxg7 0-1


[Site "https://www.chess.com"]

[Event "Titled Tuesday Blitz December 20 Late 2022"]
[White "Suder, Jakub"]
[Black "Omelja, Artem"]
[WhiteFideId "1195310"]
[BlackFideId "14119846"]
[WhiteElo "2245"]
[BlackElo "2404"]
[Result "1-0"]
[Round "07"]
[TimeControl "180+1"]
[Date "2022.12.21"]
[WhiteClock "0:01:53"]
[BlackClock "0:00:05"]

1. d4 Nf6 2. c4 e6 3. Nc3 d5 4. cxd5 exd5 5. Bg5 c6 6. e3 Be7 7. Bd3 O-O 8. Nge2 Re8 9. Qc2 h6 10. Bh4 Nbd7 11. O-O Ne4 12. Bxe7 Qxe7 13. Bxe4 dxe4 14. Rfd1 Nf6 15. d5 Bg4 16. h3 Bd7 17. dxc6 Bxc6 18. Nd4 Rac8 19. Rac1 Qe5 20. Qb3 Bd5 21. Nxd5 Qxd5 22. Qxd5 Nxd5 23. Rxc8 Rxc8 24. Nf5 g6 25. Nd6 Rc5 26. Nxb7 Rb5 27. Nd6 Ra5 28. Nxe4 Kg7 29. a3 f5 30. Nd6 Nf6 31. Nc4 Rc5 32. b3 a5 33. a4 Nd5 34. f3 Kf6 35. Kf2 Ke6 36. g3 g5 37. e4 fxe4 38. fxe4 Nb4 39. Rd6+ Kf7 40. Rxh6 Nd3+ 41. Ke3 Nc1 42. Rb6 Nxb3 43. Rxb3 Rxc4 44. Rb5 Rc3+ 45. Kf2 Kf6 46. Rf5+ 1-0


[Site "https://www.chess.com"]

[Event "Titled Tuesday Blitz December 20 Late 2022"]
[White "Sztokbant, Bernardo Vainzoff"]
[Black "Vetoshko, Volodymyr"]
[WhiteFideId "2115956"]
[BlackFideId "14122480"]
[WhiteElo "2465"]
[BlackElo "2664"]
[Result "1/2-1/2"]
[Round "07"]
[TimeControl "180+1"]
[Date "2022.12.21"]
[WhiteClock "0:00:02"]
[BlackClock "0:00:06"]

1. e4 c6 2. Nf3 d5 3. Nc3 dxe4 4. Nxe4 Nf6 5. Nxf6+ exf6 6. d4 Bd6 7. Bd3 O-O 8. O-O Bg4 9. h3 Bh5 10. c3 Na6 11. Re1 Nc7 12. Be3 Nd5 13. c4 Nxe3 14. Rxe3 Bf4 15. Re4 Bc7 16. Rh4 Bg6 17. Bxg6 hxg6 18. Re4 g5 19. Re2 g6 20. d5 c5 21. Nd2 Qd6 22. g3 f5 23. Nf3 Qf6 24. Qd2 g4 25. hxg4 fxg4 26. Nh2 Rae8 27. Nxg4 Qf3 28. Rae1 Rxe2 29. Qxe2 Qxe2 30. Rxe2 f5 31. Nh2 Kf7 32. Nf3 Re8 33. Ng5+ Kf8 34. Ne6+ Kg8 35. Kf1 Bd6 36. Nf4 Rxe2 37. Kxe2 Kf7 38. Ne6 Kf6 39. f4 b6 40. Kf3 a6 41. Ke2 b5 42. Kd3 Ke7 43. a3 Bb8 44. cxb5 axb5 45. Nxc5 Kd6 46. Na6 Ba7 47. Nb4 Bf2 48. Ke2 Bxg3 49. Kf3 Be1 50. Nd3 Bd2 51. Ne5 Kxd5 52. Nxg6 Bc1 53. b3 Bxa3 54. Nh4 Ke6 55. Ke3 Bc5+ 56. Kf3 Bd6 57. Ng6 Kd5 58. Nh4 Ke6 59. Ng6 Bc7 60. Nh4 Bd8 61. Ng2 Kd5 62. Ne3+ Kd4 63. Nxf5+ Kc3 64. Nd6 b4 65. Nb7 Be7 66. Na5 Bd8 67. Nc6 Bc7 68. Nxb4 Kxb4 69. Ke4 Bxf4 70. Kxf4 Kxb3 1/2-1/2


[Site "https://www.chess.com"]

[Event "Titled Tuesday Blitz December 20 Late 2022"]
[White "Tatarinov, Dmitry"]
[Black "Fiorito, Francisco"]
[WhiteFideId "24160067"]
[BlackFideId "180165"]
[WhiteElo "2326"]
[BlackElo "2348"]
[Result "1/2-1/2"]
[Round "07"]
[TimeControl "180+1"]
[Date "2022.12.21"]
[WhiteClock "0:00:11"]
[BlackClock "0:00:08"]

1. d4 Nf6 2. a3 g6 3. Nf3 Bg7 4. c4 O-O 5. Nc3 d5 6. c5 b6 7. b4 a5 8. Bf4 Nh5 9. Bg5 axb4 10. axb4 Rxa1 11. Qxa1 Nc6 12. cxb6 cxb6 13. e3 Nxb4 14. Qa4 Qd6 15. Nb5 Bd7 16. Nxd6 Bxa4 17. Bxe7 Ra8 18. Be2 f6 19. O-O Nc6 20. Ra1 Nxe7 21. Bb5 Rd8 22. Nb7 Rb8 23. Rxa4 Rxb7 24. g4 Nf4 25. exf4 h5 26. h3 hxg4 27. hxg4 Rc7 28. Kg2 Bh6 29. g5 fxg5 30. fxg5 Bg7 31. Ra6 Rb7 32. Ra8+ Kh7 33. Bd3 Rc7 34. Rb8 Rc3 35. Bb5 Nf5 36. Rb7 Rxf3 37. Kxf3 Nxd4+ 38. Kg4 Nxb5 39. Rxb6 Nc3 40. f4 Nd1 41. Kf3 d4 42. Ke4 Nc3+ 43. Kf3 Nd5 44. Rd6 Ne3 45. Ke4 Nf5 46. Rd7 Kg8 47. Kd5 Kf8 48. Ke6 Ke8 49. Ra7 Kd8 50. Kf7 d3 51. Ra2 Bc3 52. Kxg6 Ne3 53. Kf7 d2 54. Rxd2+ Bxd2 55. g6 Bc3 56. g7 Bxg7 57. Kxg7 Nd5 58. f5 Ke7 59. Kg6 Nf6 60. Kg7 Ne4 61. Kg6 Nf6 62. Kg5 Nd5 63. Kg6 Nf4+ 64. Kg7 Nd5 65. f6+ Nxf6 1/2-1/2


[Site "https://www.chess.com"]

[Event "Titled Tuesday Blitz December 20 Late 2022"]
[White "Ter-Sahakyan, Samvel"]
[Black "Bilan, Danila"]
[WhiteFideId "13302531"]
[BlackFideId "24161918"]
[WhiteElo "2863"]
[BlackElo "2572"]
[Result "1-0"]
[Round "07"]
[TimeControl "180+1"]
[Date "2022.12.21"]
[WhiteClock "0:00:16"]
[BlackClock "0:00:02"]

1. d4 d5 2. c4 c6 3. Nf3 Nf6 4. Nc3 e6 5. Bg5 Nbd7 6. e3 Be7 7. cxd5 exd5 8. Bd3 O-O 9. Qc2 Re8 10. h3 Nf8 11. Bf4 Ne6 12. Be5 g6 13. O-O-O Ng7 14. g4 Be6 15. Kb1 Rc8 16. Ng5 c5 17. Bb5 Rf8 18. dxc5 Bxc5 19. Ba4 Nd7 20. Bf4 Be7 21. Nxe6 fxe6 22. Bxd7 Qxd7 23. Be5 Bf6 24. Bxf6 Rxf6 25. f4 Rff8 26. Qd3 Qc6 27. Ne2 Qc4 28. Qxc4 Rxc4 29. Nd4 Rfc8 30. Rc1 Rxc1+ 31. Rxc1 Rxc1+ 32. Kxc1 a6 33. Kd2 Kf7 34. Kc3 Ke7 35. Kb4 Kd6 36. Ka5 Kc7 37. b4 h6 38. a3 h5 39. b5 axb5 40. Kxb5 hxg4 41. hxg4 Kd6 42. Nf3 Ne8 43. Ne5 Nf6 44. Kb6 Ne4 45. Nxg6 Nd2 46. Kxb7 Nc4 47. a4 Nxe3 48. a5 d4 49. Ne5 Nd5 50. a6 Nc7 51. a7 1-0


[Site "https://www.chess.com"]

[Event "Titled Tuesday Blitz December 20 Late 2022"]
[White "TheKnightOfBosnia"]
[Black "Shapiro, Daniel"]
[BlackFideId "2001780"]
[WhiteElo "2439"]
[BlackElo "2330"]
[Result "0-1"]
[Round "07"]
[TimeControl "180+1"]
[Date "2022.12.21"]
[WhiteClock "0:01:30"]
[BlackClock "0:00:58"]

1. e4 e5 2. Nf3 Nc6 3. Bb5 a6 4. Ba4 Nf6 5. d3 b5 6. Bb3 Bb7 7. a3 Bd6 8. Nc3 h6 9. h3 O-O 10. O-O Na5 11. Ba2 Re8 12. b4 Nc6 13. Re1 Bf8 14. Nd5 d6 15. Be3 Nb8 16. Nxf6+ Qxf6 17. c4 Nd7 18. Rc1 c6 19. Qe2 Rac8 20. a4 g6 21. g3 d5 22. cxd5 Bxb4 23. dxc6 Rxc6 24. Rxc6 Bxc6 25. axb5 Bxb5 26. Rb1 Qd6 27. Rd1 Kg7 28. Kg2 Nc5 29. d4 Bxe2 0-1


[Site "https://www.chess.com"]

[Event "Titled Tuesday Blitz December 20 Late 2022"]
[White "Thiel, Thomas"]
[Black "Rosenberg, Evan S"]
[WhiteFideId "4615964"]
[BlackFideId "2019299"]
[WhiteElo "2239"]
[BlackElo "2407"]
[Result "0-1"]
[Round "07"]
[TimeControl "180+1"]
[Date "2022.12.21"]
[WhiteClock "0:02:06"]
[BlackClock "0:02:00"]

1. e4 e5 2. Nf3 Nc6 3. d4 exd4 4. Nxd4 Nf6 5. Nxc6 bxc6 6. e5 Qe7 7. Qe2 Nd5 8. h4 f6 9. c4 Ba6 10. Rh3 Nb6 11. exf6 Qxe2+ 12. Bxe2 gxf6 13. b3 O-O-O 14. Bb2 Re8 15. Bxf6 Rg8 16. Rg3 Rxg3 17. fxg3 Nd5 18. Bg5 Bg7 0-1


[Site "https://www.chess.com"]

[Event "Titled Tuesday Blitz December 20 Late 2022"]
[White "Toncheva, Nadya"]
[Black "Mikhailov, Viacheslav"]
[WhiteFideId "2924056"]
[BlackFideId "4187369"]
[WhiteElo "2546"]
[BlackElo "2690"]
[Result "0-1"]
[Round "07"]
[TimeControl "180+1"]
[Date "2022.12.21"]
[WhiteClock "0:00:04"]
[BlackClock "0:00:06"]

1. e4 d6 2. d4 Nf6 3. Nc3 g6 4. Nf3 Bg7 5. Bc4 O-O 6. h3 c6 7. Be3 b5 8. Bd3 Nbd7 9. Qd2 Nb6 10. b3 a5 11. O-O Bb7 12. Rfe1 a4 13. bxa4 Nxa4 14. Nxa4 Rxa4 15. c3 Qa5 16. Qb2 Ra8 17. Re2 Nd7 18. Bg5 e5 19. Be7 exd4 20. cxd4 Nc5 21. Bc2 Rb4 22. Qc1 Ne6 23. Bxd6 Nxd4 24. Nxd4 Rxd4 25. e5 Re8 26. Qe1 Qxe1+ 27. Raxe1 Bf8 28. Bxf8 Kxf8 29. Bb3 c5 30. e6 fxe6 31. Bxe6 c4 32. Bxc4 Rxe2 33. Bxe2 Re4 34. f3 Re5 35. Kf2 b4 36. Rc1 Ra5 37. Rc2 Bd5 38. Rb2 Ra4 39. Bd1 Rxa2 40. Re2 b3 41. Bxb3 Bxb3 42. Rxa2 Bxa2 43. f4 Kg7 44. Kf3 Bd5+ 45. Kf2 Kf6 46. g4 h6 47. Kg3 Bc4 48. Kf2 Bb3 49. Kg3 Bd1 50. h4 h5 51. gxh5 gxh5 52. Kf2 Kf5 53. Kg3 Bg4 54. Kf2 Kxf4 55. Kg2 Bf5 56. Kh2 Kg4 0-1


[Site "https://www.chess.com"]

[Event "Titled Tuesday Blitz December 20 Late 2022"]
[White "Tristan, Leonardo"]
[Black "Berezin, Viktor"]
[WhiteFideId "113816"]
[BlackFideId "14107872"]
[WhiteElo "2461"]
[BlackElo "2310"]
[Result "1-0"]
[Round "07"]
[TimeControl "180+1"]
[Date "2022.12.21"]
[WhiteClock "0:00:05"]
[BlackClock "0:00:04"]

1. d4 Nf6 2. Nf3 g6 3. Bf4 Bg7 4. e3 O-O 5. Be2 d6 6. O-O b6 7. h3 Bb7 8. Bh2 Nbd7 9. a4 a6 10. Nbd2 e6 11. c3 Qe7 12. Bd3 e5 13. e4 Nh5 14. Re1 Nf4 15. Bf1 Rae8 16. Nc4 Qd8 17. Qc2 Qa8 18. Nfd2 Ne6 19. d5 Nf4 20. Ne3 Qd8 21. a5 b5 22. c4 b4 23. Qb3 Nc5 24. Qxb4 Bc8 25. Qc3 f5 26. exf5 gxf5 27. Qc2 Qg5 28. Kh1 Ng6 29. b4 Nb7 30. c5 f4 31. Ne4 Qe7 32. cxd6 cxd6 33. Nc4 Bf5 34. f3 Rc8 35. Qf2 Nh4 36. Nb6 Rcd8 37. Bxa6 Nxg2 38. Qxg2 Kh8 39. Bd3 Rg8 40. a6 Bf6 41. Qf1 Bh4 42. Rec1 Bg3 43. Nxg3 Bxd3 44. Qxd3 fxg3 45. axb7 Qh4 46. Qf1 g2+ 47. Qxg2 Rxg2 48. Kxg2 Rg8+ 49. Kf1 Qxh3+ 50. Ke2 Qxh2+ 51. Kd3 Qf4 52. Rc8 Qxf3+ 53. Kc4 Qe4+ 54. Kb5 Qd3+ 55. Kc6 Qc3+ 56. Kd7 Qxa1 57. Rxg8+ Kxg8 58. b8=Q+ Kg7 59. Qxd6 e4 60. Ke6 e3 61. Qe7+ Kg6 62. Qf7+ Kg5 63. Qf5+ Kh6 64. Qf4+ Kg7 65. Qxe3 Qa6 66. d6 Qa2+ 67. Ke7 Qa7+ 68. d7 Qb7 69. Ke8 Qc7 70. d8=Q Qc6+ 71. Qd7+ Qxd7+ 72. Kxd7 h5 73. Qg5+ Kf7 74. Qxh5+ Kf6 75. Qd5 1-0


[Site "https://www.chess.com"]